 Dungeon Crawl Stone Soup version 0.20.1-1-g8b1a95d (webtiles) character file.

2237 Zedayar the Ruffian (level 9, -13/84 HPs)
             Began as a Troll Berserker on Aug 26, 2017.
             Was an Elder of Trog.
             Mangled by a two-headed ogre
             ... wielding a +0 giant club
              (23 damage)
             ... on level 7 of the Dungeon.
             The game lasted 00:25:20 (5796 turns).

Zedayar the Ruffian (Troll Berserker)               Turns: 5796, Time: 00:25:21

Health: -13/84     AC:  7    Str: 30    XL:     9   Next: 14%
Magic:  8/8        EV: 12    Int:  3    God:    Trog [****..]
Gold:   308        SH:  0    Dex:  9    Spells: 8/8 levels left

rFire    . . .     SeeInvis .   j - +3 dagger (protect)
rCold    . . .     Gourm    +   (no shield)
rNeg     . . .     Faith    .   C - +2 robe {MR+}
rPois    .         Spirit   .   (helmet restricted)
rElec    .         Reflect  .   (no cloak)
rCorr    .         Harm     .   (gloves unavailable)
MR       +++..                  (boots unavailable)
Stlth    ++........             r - amulet of the gourmand
Regen    1.7/turn               w - ring of stealth (curse)
MPRegen  0.2/turn               y - ring of flight

@: regenerating
A: unfitting armour, claws 3, fast metabolism 3, gourmand, regeneration 1,
shaggy fur 1, tough skin 2
a: Berserk, Trog's Hand, Brothers in Arms, Burn Spellbooks, Renounce Religion,
Evoke Flight


You were on level 7 of the Dungeon.
You worshipped Trog.
Trog was greatly pleased with you.
You were very full.

You visited 1 branch of the dungeon, and saw 7 of its levels.

You collected 308 gold pieces.

Inventory:

Hand Weapons
 j - a +3 dagger of protection (weapon)
 B - a +0 dire flail
 E - a +2 short sword of speed
Armour
 a - a +1 animal skin
 o - a +2 robe of magic resistance
 C - a +2 robe of magic resistance (worn)
Jewellery
 r - an amulet of the gourmand (around neck)
 w - a cursed ring of stealth (left claw)
 y - a ring of flight (right claw)
 A - a cursed ring of loudness {unknown}
 D - an uncursed ring of magical power {unknown}
Wands
 m - a wand of flame (47/48)
 v - a wand of iceblast (4/15)
 x - a wand of iceblast (5/15)
Scrolls
 c - a scroll of recharging
 d - 3 scrolls of enchant weapon
 f - 3 scrolls of enchant armour
 i - 2 scrolls of teleportation
 l - 4 scrolls of identify
 n - a scroll of remove curse
 p - 2 scrolls of magic mapping
 s - 2 scrolls of amnesia
 u - a scroll of random uselessness {unknown}
 G - a scroll of blinking {unknown}
Potions
 e - a potion of degeneration {unknown}
 g - a potion of might
 k - a potion of invisibility
 t - 3 potions of heal wounds
 z - a potion of resistance
 H - a potion of brilliance {unknown}
Comestibles
 b - 5 bread rations
 h - 9 fruits
 q - a royal jelly
 F - 5 chunks of flesh


   Skills:
 + Level 4.0 Fighting
 + Level 4.4 Short Blades
 + Level 5.8 Dodging
 + Level 1.5 Stealth
 * Level 7.9 Unarmed Combat


You had 8 spell levels left.
You didn't know any spells.

Dungeon Overview and Level Annotations

Branches:
Dungeon (7/15)             Temple (0/1) D:5

Altars:
Dithmenos
Nemelex Xobeh
Vehumet

Shops:
D:4 [   D:5 }


Innate Abilities, Weirdness & Mutations

You are too large for most types of armour.
You have claws for hands.
Your metabolism is lightning-fast.
You like to eat raw meat.
Your natural rate of healing is unusually fast.
You are covered in fur. (AC +1)
You have very tough skin. (AC +2)


Message History

The two-headed ogre hits you with a giant club!
The two-headed ogre hits you but does no damage.
You hit the two-headed ogre. You claw the two-headed ogre.
The two-headed ogre is moderately wounded.
You barely miss the two-headed ogre.
The two-headed ogre is moderately wounded.
The two-headed ogre misses you.
The two-headed ogre hits you with a giant spiked club.
The phantom blinks!
You hit the two-headed ogre.
The two-headed ogre is heavily wounded.
The two-headed ogre hits you with a giant club!!
* * * LOW HITPOINT WARNING * * *
The two-headed ogre hits you with a giant spiked club.
* * * LOW HITPOINT WARNING * * *
Unknown command.
Your skin crawls.
You feel resistant to hostile enchantments.
The two-headed ogre hits you with a giant club!!
You die...

.......#.)..#........#
.......#....#....(...#
.......#.##.#........#
'#######'##.###.....##
..............#.....#
..............#.W...#
..)...........#.....#
..............#.O...#
..............#.@...#
..............#.....#
..............#.....#
#####'##'####'#>....#
.................#+##
.................#
.................#
.......(.........#
.................#


You could see a two-headed ogre and a phantom.

Vanquished Creatures
  Grinder (D:5)
  An ice beast (D:7)
  A necrophage (D:6)
  An ogre (D:7)
  2 centaurs (D:7)
  The ghost of hilaritas the Magician, an amateur DECj (D:3)
  4 bullfrogs
  Blork the orc (D:5)
  A scorpion (D:6)
  4 killer bees (D:7)
  3 wights (D:6)
  3 crimson imps
  A hound (D:7)
  2 bullfrog skeletons
  2 orc priests
  Ijyb (D:4)
  An orc wizard (D:3)
  Jessica (D:2)
  2 iguanas
  Natasha (D:2)
  10 worker ants
  A killer bee zombie (D:5)
  A hound zombie (D:5)
  10 adders
  3 oozes
  An adder zombie (D:6)
  An adder skeleton (D:7)
  4 worms
  A dart slug (D:5)
  4 leopard geckos
  13 orcs
  A ball python (D:4)
  2 giant cockroaches
  9 goblins
  10 hobgoblins
  3 jackals (D:3)
  4 kobolds
  4 quokkas
  5 bats
  2 frilled lizards
  A jackal skeleton (D:5)
  A leopard gecko zombie (D:7)
  A quokka skeleton (D:4)
  A quokka zombie (D:5)
  8 rats
135 creatures vanquished.

Notes
Turn   | Place    | Note
-------+----------+-------------------------------------------
     0 | D:1      | Zedayar the Troll Berserker began the quest for the Orb.
     0 | D:1      | Reached XP level 1. HP: 22/22 MP: 0/0
   280 | D:1      | Reached XP level 2. HP: 29/29 MP: 1/1
   702 | D:2      | Reached XP level 3. HP: 35/36 MP: 2/2
   723 | D:2      | Noticed Natasha
   733 | D:2      | Killed Natasha
   733 | D:2      | Reached skill level 4 in Unarmed Combat
   977 | D:2      | Reached XP level 4. HP: 44/44 MP: 3/3
  1144 | D:2      | Noticed Jessica
  1157 | D:2      | Killed Jessica
  1293 | D:3      | Reached ** piety under Trog
  1298 | D:3      | Reached XP level 5. HP: 52/52 MP: 4/4
  1319 | D:3      | HP: 1/52 [orc wizard/magic dart (11)]
  1337 | D:3      | Reached skill level 5 in Unarmed Combat
  1467 | D:3      | Noticed hilaritas's ghost (amateur DECj)
  1498 | D:3      | Killed hilaritas's ghost
  1556 | D:3      | Reached XP level 6. HP: 61/61 MP: 5/5
  2027 | D:4      | Found Jaomoegi's Antique Armour Boutique.
  2536 | D:4      | Reached skill level 6 in Unarmed Combat
  2714 | D:4      | Noticed Ijyb
  2727 | D:4      | Killed Ijyb
  2775 | D:4      | Found a sparkling altar of Nemelex Xobeh.
  2895 | D:5      | Entered Level 5 of the Dungeon
  2922 | D:5      | Found a staircase to the Ecumenical Temple.
  2971 | D:5      | Noticed Blork the orc
  2984 | D:5      | Killed Blork the orc
  3165 | D:5      | Reached XP level 7. HP: 67/67 MP: 6/6
  3241 | D:5      | Noticed Grinder
  3253 | D:5      | Reached *** piety under Trog
  3292 | D:5      | HP: 3/67 [Grinder (1)]
  3326 | D:5      | Paralysed by fainting for 8 turns
  3387 | D:5      | Paralysed by Grinder for 6 turns
  3405 | D:5      | Killed Grinder
  3405 | D:5      | Reached skill level 1 in Short Blades
  3405 | D:5      | Reached skill level 1 in Stealth
  3405 | D:5      | Reached skill level 7 in Unarmed Combat
  3713 | D:5      | Found a shadowy altar of Dithmenos.
  3933 | D:5      | Found Roedocog's Quality Used Wands.
  4283 | D:6      | Reached XP level 8. HP: 75/75 MP: 7/7
  4846 | D:6      | Reached skill level 5 in Dodging
  5213 | D:7      | Reached **** piety under Trog
  5442 | D:7      | Found a radiant altar of Vehumet.
  5615 | D:7      | Reached XP level 9. HP: 84/84 MP: 8/8
  5769 | D:7      | Noticed a two-headed ogre
  5788 | D:7      | HP: 4/84 [two-headed ogre/giant club (5)]
  5796 | D:7      | Mangled by a two-headed ogre

Skill      XL: |  1  2  3  4  5  6  7  8  9 |
---------------+----------------------------+-----
Unarmed Combat | 4 5 6 7 |  7.9
Dodging        | 3 4 5 |  5.8
Fighting       | 3 4 |  4.0
Short Blades   | 1 4 |  4.4
Stealth        | 1 |  1.5

Action                   |  1- 3 |  4- 6 |  7- 9 || total
-------------------------+-------+-------+-------++-------
Melee: Unarmed           |    88 |   134 |       ||   222
       Punch             |       |     4 |    19 ||    23
       Dagger            |       |    17 |   464 ||   481
Invok: Berserk           |       |     1 |     3 ||     4
       Trog's Hand       |       |     1 |     2 ||     3
       Burn Spellbooks   |       |       |     1 ||     1
  Use: Scroll            |       |     7 |       ||     7
       Potion            |       |     6 |       ||     6
 Stab: Sleeping          |       |     1 |     3 ||     4
  Eat: Chunk             |    14 |    12 |    14 ||    40
       Bread ration      |       |       |     4 ||     4
       Fruit             |       |       |     1 ||     1
       Meat ration       |       |       |     1 ||     1
Armor: Animal skin       |    42 |     3 |       ||    45
       Robe              |       |    85 |   243 ||   328
Dodge: Dodged            |    50 |   114 |   310 ||   474
